Map: Thunderbird LE

Players

Mez

  • Race: Terran Terran
  • League: Master
  • Spawn Location: 11:00

Xrestos - Winner!

  • Race: Protoss Protoss
  • League: Master
  • Spawn Location: 5:00

VOD

Have the link to the VOD?

Description

Time

  • Played on: July 30, 2019, 11:42 p.m.
  • Length: 13:56
Show
View Real Time Build Order
Export as new Build Order

Mez Terran 

Build Orders: Reaper Expand 

Get SALT Encoding   

  12  0:01  SCV  
  13  0:13  SCV  
  14  0:17  Supply Depot  
  14  0:25  SCV  
  15  0:38  SCV  
  15  0:40  Barracks  
  16  0:45  Refinery  
  16  0:50  SCV  
  17  1:02  SCV  
  18  1:15  SCV  
  19  1:29  Reaper, Orbital Command  
  20  1:47  Command Center  
  20  1:57  SCV  
  21  2:01  Barracks  
  21  2:03  Barracks Reactor  
  21  2:11  Barracks  
  21  2:13  SCV  
  22  2:21  Supply Depot  
  22  2:25  SCV  
  23  2:43  SCV  
  23  2:44  Marine x2  
  26  2:52  Barracks Tech Lab  
  26  2:55  SCV  
  27  3:00  Marine  
  27  3:01  Orbital Command  
  28  3:05  Marine x2  
  28  3:07  SCV  
  31  3:13  Concussive Shells  
  31  3:14  Marauder  
  31  3:17  Supply Depot  
  31  3:19  SCV  
  34  3:25  Marine x3  
  34  3:26  SCV  
  38  3:31  SCV  
  39  3:35  Marauder  
  39  3:38  SCV  
  42  3:42  Engineering Bay  
  42  3:43  SCV  
  42  3:47  Marine x3  
  45  3:50  SCV  
  46  3:55  SCV  
  46  3:56  Marine  
  46  4:01  Stimpack  
  48  4:02  SCV  
  48  4:03  Supply Depot  
  48  4:07  SCV  
  50  4:11  Marine x3  
  50  4:14  Marine  
  54  4:18  Factory  
  54  4:21  Refinery  
  54  4:23  Refinery  
  54  4:25  SCV x2  
  54  4:27  Supply Depot  
  56  4:32  Missile Turret  
  56  4:37  SCV x2  
  55  4:49  SCV x2  
  57  4:59  Marauder  
  52  5:00  Marine x2, Barracks Tech Lab  
  52  5:01  SCV x2  
  54  5:08  Starport, Factory Reactor  
  54  5:12  Supply Depot  
  54  5:13  SCV x2  
  56  5:14  Command Center  
  56  5:25  Marine x4  
  56  5:26  Terran Infantry Weapons Level 1  
  56  5:27  SCV x2  
  62  5:28  Bunker  
  61  5:43  SCV  
  61  5:44  SCV  
  61  5:46  Marine x2, Marauder x2  
  69  5:51  Combat Shield  
  68  5:57  SCV x2  
  68  5:58  Barracks x2  
  68  6:03  Refinery  
  70  6:10  Medivac x2  
  70  6:11  Marine x4  
  70  6:35  Marine, Marauder  
  70  6:36  Marine, Marauder  
  70  6:37  SCV x2  
  78  6:42  Supply Depot  
  78  6:47  Supply Depot  
  78  6:48  Armory, Medivac x2  
  78  6:49  Engineering Bay  
  78  6:50  Supply Depot  
  78  6:51  SCV x2  
  84  6:54  Barracks Reactor, Barracks Tech Lab  
  84  6:55  Marine x2  
  84  6:59  Orbital Command  
  86  7:06  SCV x2  
  86  7:07  Marauder  
  92  7:08  Marauder  
  92  7:23  Supply Depot  
  92  7:27  Supply Depot  
  92  7:28  SCV x3  
  92  7:29  Marine x3, Marauder x2  
  102  7:31  Medivac x2  
  106  7:39  Terran Infantry Weapons Level 2  
  106  7:41  Marine x2  
  108  7:45  SCV x3  
  108  7:46  Marine  
  108  7:47  Marine x2  
  108  7:49  Terran Infantry Armor Level 1  
  114  7:55  Supply Depot  
  114  7:56  Supply Depot  
  114  8:02  SCV x2  
  114  8:04  Marine  
  114  8:05  Command Center, Marine x2, Marauder x2  
  124  8:12  SCV  
  124  8:14  SCV  
  124  8:15  Marine, Marauder  
  128  8:23  Supply Depot  
  128  8:25  Supply Depot  
  128  8:26  Marauder  
  130  8:35  Marine x3, Marauder  
  130  8:37  Marauder  
  137  8:41  Ghost Academy  
  137  8:42  Barracks  
  137  8:43  Refinery, Barracks  
  137  8:45  Barracks  
  137  8:55  Medivac x2  
  140  8:56  Marine x3, Marauder  
  140  8:57  Marine, Marauder  
  140  8:58  Marine  
  138  9:32  Marauder x2, Barracks Tech Lab x2  
  138  9:33  Marauder, Barracks Tech Lab  
  144  9:39  Marine x4  
  144  9:54  Ghost x5, Marauder  
  156  10:01  Barracks  
  156  10:02  Barracks x2  
  156  10:03  Barracks  
  146  10:29  Ghost x3, Marine, Marauder x3  
  146  10:30  Marine x3  
  162  10:43  Planetary Fortress  
  162  10:44  SCV  
  162  10:49  Ghost  
  162  10:50  Refinery  
  162  10:52  Barracks Tech Lab x4  
  162  10:54  Barracks Reactor  
  164  11:04  Refinery  
  164  11:05  Refinery  
  164  11:08  Terran Infantry Armor Level 2  
  164  11:10  Marine x9  
  164  11:11  Marine x3  
  165  11:18  Marine  
  166  11:28  Marine x5  
  166  11:30  Medivac x2  
  175  11:40  Command Center  
  175  11:42  SCV  
  176  11:51  Marauder x2  
  176  11:53  Supply Depot  
  180  11:56  SCV, Marine x4  
  180  11:57  Marauder  
  187  12:09  SCV  
  187  12:14  Marauder x2  
  175  12:21  SCV, Marine x11, Marauder x2  
  155  12:29  Medivac x2  
  132  12:33  SCV  
  132  12:34  Marine  
  132  12:35  Marauder  
  132  12:36  Command Center  
  136  12:38  Command Center  
  136  12:39  Marine x5  
  136  12:40  Marauder x2, Starport  
  136  12:42  Starport  
  145  12:45  Ghost  
  145  12:46  Ghost, Marine  
  145  12:47  Marine, Marauder x2  
  137  13:00  Marine x8, Marauder  
  137  13:04  Marine  
  121  13:07  Marine, Marauder  
  121  13:11  Marauder  
  115  13:14  Marine  
  115  13:15  Marauder  
  115  13:18  Marine x3  
  115  13:19  Marauder  
  116  13:30  Starport Tech Lab  
  116  13:31  Starport Reactor, Starport Tech Lab  
Show
View Real Time Build Order
Export as new Build Order

Xrestos Protoss - Winner!

Build Orders: 1 Gate Expand, Blink Stalkers 

Get SALT Encoding   

  12  0:01  Probe  
  13  0:13  Probe  
  14  0:20  Pylon  
  14  0:25  Probe  
  15  0:34  Probe  
  15  0:39  Gateway  
  15  0:42  Probe  
  16  0:48  Assimilator  
  17  0:53  Probe  
  18  1:01  Probe  
  18  1:09  Probe  
  20  1:19  Probe  
  20  1:29  Nexus  
  20  1:37  Cybernetics Core  
  20  1:40  Probe  
  21  1:48  Assimilator  
  21  1:52  Probe  
  22  1:56  Pylon  
  22  2:04  Adept  
  22  2:05  Probe  
  23  2:15  Warp Gate  
  25  2:17  Probe  
  26  2:28  Twilight Council  
  26  2:29  Probe  
  27  2:37  Stalker  
  26  2:49  Probe x2  
  30  2:57  Blink  
  30  3:01  Probe x2  
  32  3:06  Stalker  
  34  3:13  Probe x2  
  36  3:25  Probe  
  37  3:30  Gateway x2  
  37  3:33  Probe  
  38  3:37  Probe  
  39  3:45  Probe  
  40  3:52  Probe  
  41  3:57  Probe, Pylon  
  41  3:59  Assimilator  
  41  4:01  Pylon  
  42  4:06  Stalker  
  42  4:08  Probe  
  45  4:13  Robotics Facility  
  43  4:20  Shield Battery  
  43  4:22  Shield Battery  
  43  4:25  Stalker x2  
  43  4:26  Pylon  
  43  4:28  Probe  
  43  4:30  Probe  
  49  4:35  Shield Battery  
  49  4:38  Shield Battery  
  49  4:40  Probe  
  48  4:48  Probe  
  48  4:52  Stalker x2  
  53  5:00  Stalker  
  53  5:03  Observer  
  53  5:07  Probe  
  57  5:10  Assimilator, Probe  
  58  5:16  Stalker x2  
  62  5:23  Probe  
  62  5:24  Immortal  
  67  5:38  Nexus  
  67  5:46  Probe x2  
  69  5:58  Probe  
  69  6:01  Pylon  
  69  6:03  Pylon  
  69  6:04  Robotics Bay  
  70  6:08  Pylon  
  70  6:11  Pylon  
  70  6:20  Probe x2  
  72  6:29  Immortal, Probe x2  
  75  6:37  Probe x2  
  75  6:43  Robotics Facility  
  75  6:46  Probe x2, Forge  
  77  6:53  Protoss Ground Weapons Level 1  
  79  6:57  Gateway  
  79  6:58  Probe  
  79  6:59  Gateway  
  80  7:01  Observer  
  81  7:18  Colossus, Charge  
  81  7:20  Gateway  
  81  7:22  Probe, Gateway  
  88  7:23  Probe x2  
  90  7:30  Colossus  
  90  7:31  Sentry x2  
  90  7:32  Sentry  
  90  7:33  Probe x2  
  104  7:38  Probe  
  104  7:39  Pylon  
  104  7:41  Probe x2  
  104  7:43  Pylon  
  107  7:53  Sentry x2  
  111  8:02  Assimilator  
  111  8:03  Zealot x3, Assimilator  
  117  8:12  Colossus  
  117  8:17  Zealot  
  117  8:18  Zealot x3  
  131  8:22  Probe x2  
  133  8:28  Pylon  
  133  8:29  Phoenix  
  133  8:44  Forge  
  133  8:45  Colossus  
  133  8:46  Probe x2  
  141  8:58  Nexus  
  141  9:00  Pylon  
  141  9:04  Pylon  
  141  9:07  Probe  
  141  9:08  Probe  
  139  9:11  Protoss Ground Armor Level 1  
  139  9:13  Stalker x2  
  139  9:16  Protoss Ground Weapons Level 2  
  135  9:23  Stalker x3  
  135  9:24  Stalker  
  141  9:41  Probe  
  136  9:49  Probe x2  
  138  9:53  Stalker, Probe  
  138  9:54  Assimilator  
  138  9:56  Pylon  
  138  9:57  Pylon  
  141  10:09  Probe  
  141  10:11  Probe x2  
  141  10:12  Probe  
  142  10:19  Probe x2  
  142  10:20  Colossus x2  
  145  10:21  Probe  
  160  10:38  Observer  
  160  10:41  Nexus  
  160  10:44  Pylon  
  160  10:45  Pylon  
  160  10:48  Pylon  
  160  10:50  Pylon  
  160  10:53  Assimilator  
  160  10:56  Photon Cannon  
  160  10:57  Photon Cannon  
  160  10:58  Photon Cannon  
  160  11:04  Warp Prism  
  160  11:07  Observer  
  160  11:18  Zealot x5  
  169  11:19  Zealot x2  
  177  11:29  Gateway  
  177  11:31  Gateway  
  177  11:34  Photon Cannon, Gateway  
  177  11:36  Gateway  
  177  11:38  Photon Cannon  
  177  11:39  Photon Cannon  
  177  11:40  Photon Cannon  
  177  11:56  Sentry x7, Photon Cannon  
  177  11:58  Photon Cannon  
  188  12:09  Photon Cannon  
  188  12:12  Photon Cannon  
  134  12:29  Stalker x7  
  136  12:41  Probe x2, Colossus x2  
  128  13:07  Zealot x3  
  128  13:08  Zealot x4  
  136  13:29  Stalker x5  
  136  13:30  Stalker x2  
  154  13:52  Zealot x3  
  154  13:53  Zealot  
Tags
 
Add a new tag
Caveats
  • Supply blocks, unpowered buildings, or Contaminate may cause inaccurate times.
  • Supply counts are checked every 10 seconds.